 Dungeon Crawl Stone Soup version 0.30.0-13-g156ef70053 (webtiles) character file.

Game seed: 7706075795619418773

74 hito the Magician (level 4, -2/33 HPs)
             Began as a Mummy Reaver on May 17, 2023.
             Slain by Terence
             ... wielding a +0 falchion of holy wrath
              (7 damage)
             ... on level 2 of the Dungeon.
             The game lasted 00:03:54 (1350 turns).

hito the Magician (Mummy Reaver)                    Turns: 1350, Time: 00:03:56

Health: -2/33      AC:  4    Str: 19    XL:     4   Next: 9%
Magic:  9/10       EV: 12    Int: 14    God:
Gold:   62         SH:  0    Dex: 16    Spells: 4/11 levels left

rFire   x . .        h - +6 quarterstaff of Blood {heavy, Will+ Str+4 Dex+6}
rCold   + . .        (shield currently unavailable)
rNeg    + + +        b - +0 leather armour
rPois   ∞            (no helmet)
rElec   .            (no cloak)
rCorr   .            d - +0 pair of gloves
SInv    .            (no boots)
Will    +....        e - amulet of magic regeneration
Stlth   +            (no ring)
HPRegen 0.25/turn    (no ring)
MPRegen 0.52/turn

%: faith
@: immotile
A: cold resistance 1, negative energy resistance 3, torment resistance 2, heat
vulnerability 1, in touch with death 1, no potions, faith
a: no special abilities


You were on level 2 of the Dungeon.
You visited 1 branch of the dungeon, and saw 2 of its levels.

You collected 62 gold pieces.

Inventory:

Hand Weapons
 a - a +0 spear
 h - the +6 quarterstaff of Blood (weapon) {heavy, Will+ Str+4 Dex+6}
   (You found it on level 2 of the Dungeon)

   Str:       It affects your strength (+4).
   Dex:       It affects your dexterity (+6).
   Will:      It increases your willpower.
 l - a +1 dagger of venom
Armour
 b - a +0 leather armour (worn)
 d - a +0 pair of gloves (worn)
Jewellery
 e - an amulet of magic regeneration (around neck)
Scrolls
 c - a scroll of blinking
 f - 2 scrolls of butterflies {unknown}
 g - a scroll of teleportation
 i - a scroll of fear
 j - 2 scrolls of poison {unknown}
 k - a scroll of enchant weapon


   Skills:
 - Level 2.0 Fighting
 - Level 2.4 Polearms
 + Level 0.0(1.3) Staves
 - Level 1.5 Dodging
 + Level 4.0 Spellcasting
 + Level 3.2 Conjurations
 - Level 1.0 Translocations
 + Level 0.0 Ice Magic


You had 4 spell levels left.
You knew the following spells:

 Your Spells              Type           Power      Damage    Failure   Level
a - Kiss of Death         Conj/Necr      44%        2d8       12%         1
b - Momentum Strike       Conj/Tloc      16%        3d8       14%         2
c - Hailstorm             Conj/Ice       7%         3d4       34%         3
d - Necrotise             Necr           16%        1d4       22%         1

Your spell library contained the following spells:

 Spells                   Type           Power      Damage    Failure   Level
 Apportation              Tloc           10%        N/A       16%         1
 Summon Small Mammal      Summ           8%         N/A       22%         1
 Lesser Beckoning         Tloc           10%        N/A       22%         2
 Gell's Gravitas          Tloc           5%         N/A       41%         3
 Teleport Other           Tloc           5%         N/A       41%         3


Dungeon Overview and Level Annotations

Branches:
Dungeon (2/15)

Altars:

Annotations:
D:2 Terence


Innate Abilities, Weirdness & Mutations

You are immune to poison.
Your flesh is cold resistant. (rC+)
You are immune to negative energy. (rN+++)
You are immune to unholy pain and torment.
You are vulnerable to heat. (rF-)
You are in touch with the powers of death.
You do not drink.
You have a special connection with the divine. (Faith)


Message History

l - a +1 dagger of venom You drop a +0 dagger of venom.
Found a glowing pink potion.
Found a robe.
You see here the +6 quarterstaff of Blood {heavy, Will+ Str+4 Dex+6}.
h - the +6 quarterstaff of Blood {heavy, Will+ Str+4 Dex+6} You feel stronger.
You feel agile.
h - the +6 quarterstaff of Blood (weapon)
{heavy, Will+ Str+4 Dex+6} Setting a skill training target for Staves at 14.0.
A quokka comes into view.
You thump the quokka!
You kill the quokka!
Found a stone staircase leading down.
There is a stone staircase leading down here.
There is a stone staircase leading down here.
Terence the Incautious comes into view.
He is wielding a +0 falchion of holy wrath.
Terence shouts!
A goblin comes into view. It is wielding a +0 dagger.
The goblin shouts!
You closely miss the goblin. The goblin barely misses you. x2
You bludgeon the goblin!!
You kill the goblin!
A bat comes into view.
Casting: Momentum Strike (safe; 14% risk of failure)
Confirm with . or Enter, or press ? or * to list all spells.
Aiming: Momentum Strike (safe; 14% risk of failure)
Press: ? - help, Dir - move target, f - Terence
Aim: Terence, wielding a +0 falchion of holy wrath and wearing a +0 chain mail (77% to hit)
The concentrated momentum hits Terence!
Terence is heavily wounded.
You are unable to move.
Terence hits you with a +0 falchion of holy wrath!
You convulse!
You completely miss Terence.
Terence is heavily wounded.
Terence hits you with a +0 falchion of holy wrath!
You convulse.
* * * LOW HITPOINT WARNING * * *
Terence hits you with a +0 falchion of holy wrath!
You die...

. .. ..#.. ..... ...... # ###
#.....######.@.. #..
#........g..# ####.#
#.....#b###########....# #....
#@# #...>... .############ #@#
#.#....# .#..<....# #.# #.##.#.#
.........# ##.## #....#..
.#...###.# #...# #..###.#
......##.# #...########..###.#
......##.# #.................#
#.....##.######...####..###..####
##......)##...........(.###..####
...##.##.....................##..


You could see Terence and a bat.

Vanquished Creatures
  Jessica (D:2)
  4 bats
  3 endoplasms (D:1)
  A giant cockroach (D:1)
  8 goblins
  8 hobgoblins
  5 kobolds
  5 quokkas
  5 ball pythons (D:1)
  2 frilled lizards (D:1)
42 creatures vanquished.

Notes
Turn   | Place    | Note
-------+----------+-------------------------------------------
     0 | D:1      | hito the Mummy Reaver began the quest for the Orb.
     0 | D:1      | Reached XP level 1. HP: 16/16 MP: 4/4
   143 | D:1      | Reached skill level 3 in Spellcasting
   229 | D:1      | Reached XP level 2. HP: 19/22 MP: 6/6
   238 | D:1      | Learned a level 2 spell: Momentum Strike
   564 | D:1      | Gained mutation: You are in touch with the powers of death.
                  | [Mummy growth]
   564 | D:1      | Reached XP level 3. HP: 25/27 MP: 5/8
   946 | D:2      | Noticed Jessica
   953 | D:2      | Killed Jessica
   954 | D:2      | Reached skill level 1 in Translocations
   954 | D:2      | Reached XP level 4. HP: 33/33 MP: 6/9
  1066 | D:2      | Learned a level 3 spell: Hailstorm
  1102 | D:2      | Reached skill level 4 in Spellcasting
  1188 | D:2      | Learned a level 1 spell: Necrotise
  1273 | D:2      | Identified the +6 quarterstaff of Blood {heavy, Will+ Str+4
                  | Dex+6}
  1339 | D:2      | Noticed Terence
  1350 | D:2      | Slain by Terence

Illustrated notes

Levels and vault maps discovered:
D:1:      amcnicky_arrival_wind_blow, layout_loops_ring, minmay_vboxes
D:2:      layout_loops_cross, basic_altar, uniq_terence, uniq_jessica

Skill      XL: |  1  2  3  4 |
---------------+-------------+-----
Spellcasting   | 3 4 |  4.0
Conjurations   | 3 |  3.2
Translocations | 1 |  1.0
Fighting       | |  2.0
Polearms       | |  2.4
Dodging        | |  1.5

Action                     |  1- 3 |  4- 6 || total
---------------------------+-------+-------++-------
  Melee: Spear             |   128 |    16 ||   144
         Quarterstaff      |       |     4 ||     4
   Cast: Momentum Strike   |     3 |     1 ||     4
    Use: Scroll            |     4 |       ||     4
 Armour: Leather armour    |    42 |     3 ||    45
  Dodge: Dodged            |    56 |    11 ||    67
